Map: Heavy Artillery LE

Players

Massa

  • Race: Terran Terran
  • League: Platinum
  • Spawn Location: 1:00

qqq

  • Race: Zerg Zerg
  • Spawn Location: 3:00

Andrey - Winner!

  • Race: Zerg Zerg
  • League: Gold
  • Spawn Location: 7:00

ColT - Winner!

  • Race: Protoss Protoss
  • League: Diamond
  • Spawn Location: 7:00

VOD

Have the link to the VOD?

Description

Time

  • Played on: Oct. 23, 2020, 2:39 p.m.
  • Length: 14:18
Show
View Real Time Build Order
Export as new Build Order

Massa Terran 

Build Orders: Reaper Expand 

Get SALT Encoding   

  12  0:00  SCV  
  13  0:12  SCV  
  14  0:23  Supply Depot  
  14  0:24  SCV  
  15  0:38  Refinery  
  15  0:45  SCV  
  15  0:46  Barracks  
  17  0:57  SCV  
  17  1:15  SCV  
  17  1:27  SCV  
  18  1:36  Supply Depot  
  18  1:39  Orbital Command  
  18  1:53  Reaper  
  19  1:59  Supply Depot  
  19  2:07  Command Center  
  20  2:08  SCV  
  20  2:25  Marine  
  21  2:33  Factory  
  21  2:38  SCV  
  21  2:43  Engineering Bay  
  22  2:48  Barracks  
  22  2:50  SCV  
  23  3:02  SCV  
  24  3:14  SCV  
  25  3:21  Barracks Reactor  
  25  3:24  Orbital Command, Supply Depot  
  25  3:25  Factory Tech Lab  
  25  3:33  Refinery  
  25  3:54  Barracks Tech Lab  
  25  4:00  Marine x2  
  25  4:02  Siege Tank  
  30  4:05  SCV x2  
  30  4:07  Refinery  
  32  4:17  SCV  
  32  4:18  Marine  
  34  4:39  Siege Tank  
  34  4:40  Marine x2  
  39  4:46  Marauder  
  39  4:47  SCV  
  39  4:48  SCV  
  43  4:53  Terran Infantry Weapons Level 1  
  43  4:54  Command Center  
  43  4:58  Marine x2  
  43  4:59  SCV  
  46  5:00  SCV  
  47  5:07  Marauder  
  47  5:12  SCV x2  
  51  5:15  Cyclone  
  51  5:16  Marine x2  
  56  5:24  SCV  
  56  5:28  Refinery  
  56  5:29  Marauder  
  56  5:33  Marine  
  56  5:34  Marine  
  60  5:42  Stimpack  
  60  5:49  Missile Turret  
  60  5:50  Marauder  
  62  6:05  Marine  
  60  6:11  Marauder  
  60  6:14  Missile Turret  
  60  6:16  Missile Turret  
  62  6:24  Missile Turret  
  62  6:45  Missile Turret  
  62  6:48  Terran Infantry Armor Level 1  
  58  7:01  Marauder, Marine  
  58  7:02  Marine  
  58  7:04  Siege Tank  
  58  7:07  Missile Turret  
  63  7:13  Orbital Command  
  64  7:15  SCV x2  
  64  7:19  Marine  
  64  7:20  Marine  
  69  7:23  Marauder  
  69  7:32  SCV x2  
  69  7:36  Cyclone  
  74  7:37  Marine x2  
  74  7:41  Combat Shield  
  74  7:44  SCV  
  77  7:49  Barracks  
  77  7:51  Armory  
  77  7:55  Supply Depot  
  77  7:58  Supply Depot  
  77  8:16  Marine x2  
  77  8:17  SCV x2, Marauder  
  83  8:29  SCV x2, Factory  
  85  8:35  Factory  
  85  8:38  Marauder  
  85  8:39  Barracks Reactor  
  85  8:41  SCV  
  88  8:48  Supply Depot  
  88  8:50  Thor  
  88  8:51  Supply Depot  
  88  8:53  Supply Depot  
  82  8:59  Marine  
  82  9:00  Concussive Shells  
  83  9:11  Marine x2  
  85  9:17  Factory Tech Lab, Marine  
  85  9:19  Factory Tech Lab  
  85  9:21  Terran Vehicle Weapons Level 1  
  86  9:25  Armory  
  86  9:28  Marine  
  86  9:29  Marine  
  88  9:33  Thor  
  88  9:35  Marine  
  88  9:37  SCV x2  
  97  9:49  SCV  
  97  9:50  SCV  
  99  9:56  Missile Turret  
  101  10:00  Missile Turret  
  101  10:01  SCV, Thor  
  101  10:02  SCV  
  101  10:04  Orbital Command  
  107  10:07  Thor  
  107  10:13  SCV  
  107  10:14  SCV  
  115  10:17  Missile Turret  
  115  10:24  Terran Vehicle And Ship Armor Level 1  
  115  10:25  Starport, SCV  
  115  10:26  SCV  
  117  10:52  Supply Depot  
  117  10:53  Supply Depot  
  117  10:55  Supply Depot  
  117  11:13  SCV x2, Thor  
  117  11:14  Thor  
  117  11:15  SCV  
  117  11:16  Thor  
  117  11:17  Terran Vehicle Weapons Level 2  
  138  11:25  Refinery, SCV x2  
  138  11:27  Refinery, SCV  
  141  11:42  Supply Depot  
  141  11:47  Supply Depot  
  141  11:54  Supply Depot x2  
  141  11:57  Supply Depot  
  141  12:04  SCV x2, Thor  
  141  12:08  SCV, Thor  
  149  12:12  Missile Turret  
  149  12:13  Missile Turret  
  149  12:15  Thor  
  165  12:19  Supply Depot  
  165  12:20  SCV, Supply Depot  
  166  12:24  Supply Depot  
  166  12:29  Viking  
  165  12:35  Missile Turret  
  165  12:43  Supply Depot  
  165  12:46  Thor, Supply Depot  
  165  12:51  Thor  
  159  12:52  Supply Depot  
  159  12:58  Thor  
  143  12:59  Viking  
  143  13:13  Supply Depot  
  109  13:21  Supply Depot  
  109  13:26  Marauder  
  101  13:27  Marine x3  
  101  13:28  Marine  
  101  13:29  Thor  
  101  13:34  Thor  
  103  13:45  Marine x4  
  103  13:48  Marauder  
Show
View Real Time Build Order
Export as new Build Order

qqq Zerg 

Build Orders: Hatch First, Lurkers 

Get SALT Encoding   

  12  0:01  Drone  
  13  0:08  Drone  
  14  0:36  Hatchery  
  13  0:47  Drone  
  14  0:54  Spawning Pool  
  13  1:16  Drone, Overlord  
  14  1:19  Extractor  
  14  1:20  Drone  
  14  1:35  Drone  
  14  1:39  Drone  
  16  1:43  Queen  
  18  1:51  Queen  
  20  1:56  Drone  
  20  1:58  Zergling x2  
  22  2:04  Drone  
  22  2:06  Drone  
  24  2:14  Overlord  
  24  2:22  Metabolic Boost  
  24  2:25  Drone  
  24  2:28  Drone  
  27  2:37  Drone x2  
  27  2:38  Drone  
  29  3:02  Drone, Zergling x4  
  29  3:03  Zergling x2  
  32  3:06  Drone, Baneling Nest  
  32  3:07  Drone x3  
  35  3:28  Overlord x2  
  35  3:40  Drone  
  36  3:44  Hatchery  
  36  3:45  Overlord x3  
  36  3:47  Drone  
  36  3:53  Baneling x6  
  36  4:00  Drone x3  
  36  4:02  Drone  
  40  4:04  Drone  
  41  4:10  Extractor  
  41  4:13  Drone  
  41  4:15  Lair  
  41  4:20  Drone x2  
  41  4:23  Extractor  
  42  4:26  Zergling x2  
  42  4:27  Zergling x6  
  42  4:28  Zergling x2  
  47  4:42  Drone  
  47  4:43  Drone x3  
  51  4:53  Drone  
  52  5:01  Drone  
  52  5:02  Drone  
  52  5:07  Drone x4  
  56  5:11  Extractor  
  57  5:15  Spore Crawler  
  57  5:17  Spore Crawler  
  57  5:18  Overlord  
  57  5:20  Drone  
  57  5:21  Drone x2, Queen  
  58  5:28  Hydralisk Den  
  59  5:31  Zergling x4  
  59  5:32  Zergling x6  
  59  5:34  Baneling x2  
  59  5:35  Baneling, Centrifical Hooks  
  64  5:40  Drone  
  64  5:41  Drone, Zergling x2  
  64  5:42  Evolution Chamber  
  66  5:43  Drone, Zergling x6  
  70  5:50  Spore Crawler  
  70  5:54  Zergling x2  
  70  5:55  Drone x2  
  70  5:56  Drone  
  73  6:05  Drone  
  73  6:08  Spore Crawler  
  73  6:17  Zerg Missile Weapons Level 1, Hydralisk  
  73  6:18  Lurker Den  
  74  6:19  Spore Crawler, Overlord x4  
  71  6:28  Drone x2, Spore Crawler  
  71  6:30  Hydralisk  
  73  6:44  Hydralisk  
  73  6:45  Hydralisk x4  
  79  6:47  Drone x2  
  79  6:51  Muscular Augments  
  76  7:04  Hydralisk x5  
  76  7:06  Drone  
  87  7:11  Drone  
  87  7:12  Drone  
  89  7:15  Queen  
  91  7:23  Lurker x2  
  91  7:25  Lurker  
  91  7:27  Zergling x6  
  91  7:28  Overlord x2  
  91  7:29  Drone  
  98  7:31  Drone  
  99  7:48  Infestation Pit  
  99  7:50  Drone x2  
  100  7:56  Hatchery  
  100  7:58  Hatchery  
  98  7:59  Hydralisk  
  98  8:00  Hydralisk  
  98  8:02  Grooved Spines  
  102  8:10  Hydralisk x3  
  102  8:12  Drone x2, Evolution Chamber  
  109  8:30  Spire  
  108  8:45  Hydralisk x4  
  108  8:47  Zergling x8  
  108  8:48  Zergling x4  
  111  9:13  Drone  
  111  9:14  Drone x2  
  114  9:18  Drone  
  114  9:19  Drone x2  
  114  9:21  Extractor  
  114  9:22  Zerg Missile Weapons Level 2  
  114  9:23  Extractor, Zerg Ground Armor Level 1  
  115  9:33  Hive  
  115  9:36  Baneling x3  
  115  9:37  Baneling x2  
  115  9:38  Zergling x14, Overlord x2  
  121  9:39  Overlord  
  121  9:40  Drone x6  
  128  9:48  Drone x2  
  128  9:52  Lurker x2  
  132  10:09  Lurker x2  
  132  10:10  Drone x3  
  132  10:11  Drone x3  
  132  10:13  Extractor, Spore Crawler  
  139  10:14  Drone, Extractor  
  139  10:15  Queen, Spore Crawler  
  139  10:19  Spore Crawler  
  139  10:20  Spore Crawler  
  137  10:21  Queen  
  137  10:23  Extractor, Drone x3  
  140  10:40  Baneling x8  
  140  10:41  Baneling x8  
  140  10:42  Baneling x3  
  140  10:43  Drone x2  
  140  10:44  Drone x3  
  140  10:47  Lurker  
  140  10:48  Lurker  
  140  10:49  Zergling x10  
  153  10:50  Zergling x10  
  153  10:51  Drone  
  153  10:54  Overlord  
  158  11:10  Queen  
  150  11:19  Hydralisk  
  150  11:20  Hydralisk x2  
  150  11:22  Viper  
  150  11:23  Viper  
  162  11:26  Viper  
  162  11:29  Overlord x2  
  162  11:30  Overlord x4  
  165  11:55  Hydralisk x4  
  165  11:56  Hydralisk x3  
  165  11:57  Viper  
  165  11:59  Zergling x6  
  176  12:19  Baneling x5  
  176  12:20  Baneling x3  
  176  12:21  Baneling x3  
  176  12:22  Baneling x9  
  176  12:24  Hatchery x2, Zergling x6  
  176  12:25  Zergling x10  
  176  12:26  Drone x6  
  176  12:27  Drone x5  
  176  12:29  Lurker x2  
  196  12:30  Lurker x2  
  118  13:13  Zergling x12  
  118  13:14  Drone, Zergling x6  
  118  13:15  Drone x3, Hydralisk x5  
  131  13:23  Ultralisk Cavern  
  127  13:30  Hydralisk x3  
  127  13:31  Hydralisk x3  
  133  13:38  Baneling  
  133  13:39  Baneling x7  
  133  13:40  Baneling x3  
  133  13:47  Lurker  
Show
View Real Time Build Order
Export as new Build Order

Andrey Zerg - Winner!

Build Orders: Hatch First, Lurkers 

Get SALT Encoding   

  12  0:00  Drone  
  13  0:08  Drone  
  14  0:20  Overlord  
  14  0:38  Drone x3  
  17  0:53  Hatchery  
  16  1:02  Drone  
  17  1:10  Spawning Pool  
  16  1:13  Drone  
  16  1:17  Drone  
  18  1:27  Drone  
  18  1:31  Extractor  
  18  1:42  Overlord  
  18  1:54  Drone  
  18  1:56  Queen  
  18  1:58  Zergling x2  
  22  2:05  Queen  
  22  2:07  Drone x2  
  26  2:31  Overlord  
  26  2:33  Drone x3  
  29  2:37  Metabolic Boost  
  29  2:43  Queen x2  
  33  2:54  Extractor  
  33  2:55  Zergling x4  
  34  3:06  Zergling x4  
  34  3:07  Zergling x4  
  38  3:28  Drone  
  38  3:29  Drone x5  
  44  3:38  Overlord  
  44  3:39  Overlord  
  44  3:47  Overlord x3  
  44  4:02  Roach Warren  
  43  4:03  Drone  
  43  4:04  Drone x3  
  47  4:14  Evolution Chamber  
  47  4:15  Evolution Chamber  
  45  4:26  Extractor  
  45  4:27  Extractor  
  43  4:41  Drone x2  
  43  4:42  Drone  
  43  4:45  Lair  
  46  4:48  Zerg Melee Weapons Level 1  
  46  4:51  Zerg Ground Armor Level 1  
  46  4:57  Drone  
  46  4:58  Drone x6  
  53  5:23  Hatchery  
  53  5:25  Roach x2  
  56  5:35  Drone  
  56  5:36  Drone x2  
  56  5:37  Drone x2  
  61  5:49  Hydralisk Den  
  60  5:51  Spore Crawler  
  60  5:55  Spore Crawler  
  58  6:07  Drone  
  58  6:08  Drone x9  
  68  6:18  Ravager x2  
  70  6:29  Roach x3  
  76  6:42  Zerg Missile Weapons Level 1  
  76  6:48  Spine Crawler x2  
  76  6:53  Zergling x4, Roach  
  81  6:54  Roach x5  
  81  7:03  Zergling x2  
  81  7:04  Overlord x2  
  81  7:05  Overlord  
  84  7:22  Drone x2  
  84  7:23  Drone x5, Overlord  
  84  7:24  Drone x5  
  94  7:31  Zerg Ground Armor Level 2  
  94  7:57  Extractor, Hydralisk  
  94  7:58  Hydralisk x6  
  103  7:59  Extractor  
  103  8:02  Muscular Augments  
  106  8:12  Lurker Den  
  105  8:24  Hydralisk  
  105  8:25  Hydralisk x3  
  113  8:29  Overlord  
  113  8:30  Overlord  
  111  8:50  Hydralisk x2  
  111  8:51  Roach x3  
  116  9:06  Overseer  
  116  9:09  Overseer  
  116  9:10  Overseer  
  116  9:11  Overlord x3  
  116  9:23  Lurker x5  
  116  9:24  Lurker x2  
  123  9:28  Pneumatized Carapace  
  123  9:30  Burrow  
  123  9:37  Hydralisk  
  123  9:38  Hydralisk x2  
  125  9:39  Roach x3  
  125  9:40  Roach  
  137  9:47  Infestation Pit  
  137  9:49  Zerg Missile Weapons Level 2  
  136  10:09  Hydralisk x6  
  136  10:10  Hydralisk x3  
  136  10:12  Overlord x3  
  154  10:33  Roach x2  
  154  10:34  Roach  
  160  10:46  Hatchery  
  159  10:56  Hive  
  159  10:58  Hydralisk x3  
  159  10:59  Overlord x4  
  165  11:05  Grooved Spines  
  165  11:06  Pathogen Glands  
  165  11:08  Overlord  
  165  11:09  Overlord  
  165  11:39  Drone  
  166  11:40  Drone  
  166  11:43  Hydralisk, Roach x2  
  166  11:44  Hydralisk x3, Roach  
  172  12:31  Hydralisk  
  172  12:32  Hydralisk x4  
  172  12:33  Roach x3  
  172  12:34  Roach x2  
  192  12:42  Overseer x6  
  154  13:10  Seismic Spines  
  142  13:19  Hydralisk  
  126  13:20  Hydralisk x11  
  132  13:42  Overlord x5  
  132  13:54  Hydralisk  
Show
View Real Time Build Order
Export as new Build Order

ColT Protoss - Winner!

Build Orders: Carriers 

Get SALT Encoding   

  12  0:01  Probe  
  13  0:13  Probe  
  14  0:19  Pylon  
  14  0:25  Probe  
  15  0:37  Probe  
  15  0:38  Gateway  
  16  0:45  Assimilator  
  16  0:49  Probe  
  17  1:01  Probe  
  18  1:14  Probe  
  19  1:26  Probe  
  19  1:28  Cybernetics Core  
  19  1:30  Pylon  
  19  1:55  Assimilator  
  19  2:00  Probe (Chrono Boost)  
  20  2:05  Nexus  
  20  2:06  Pylon  
  20  2:08  Stalker (Chrono Boost)  
  20  2:11  Probe (Chrono Boost)  
  23  2:15  Probe (Chrono Boost)  
  24  2:26  Probe  
  25  2:38  Probe  
  25  2:43  Warp Gate (Chrono Boost)  
  26  2:47  Gateway, Adept  
  26  2:50  Probe  
  29  3:02  Probe  
  30  3:16  Probe (Chrono Boost)  
  30  3:17  Probe (Chrono Boost)  
  32  3:22  Stargate  
  33  3:29  Probe (Chrono Boost), Assimilator  
  33  3:32  Probe (Chrono Boost)  
  34  3:36  Probe (Chrono Boost)  
  34  3:41  Probe (Chrono Boost)  
  36  3:47  Probe (Chrono Boost)  
  37  3:55  Assimilator  
  39  3:56  Probe x2 (Chrono Boost)  
  39  4:01  Probe (Chrono Boost)  
  39  4:02  Pylon  
  39  4:03  Probe, Void Ray (Chrono Boost)  
  39  4:04  Gateway  
  39  4:08  Pylon  
  45  4:15  Gateway  
  45  4:22  Forge  
  45  4:29  Probe (Chrono Boost)  
  47  4:32  Shield Battery  
  47  4:34  Probe (Chrono Boost)  
  47  4:44  Void Ray (Chrono Boost)  
  47  4:45  Pylon  
  47  4:52  Zealot x2  
  55  4:59  Photon Cannon  
  55  5:18  Void Ray  
  55  5:22  Pylon  
  55  5:23  Fleet Beacon  
  59  5:34  Probe  
  60  5:37  Probe  
  61  5:46  Probe  
  61  5:49  Probe  
  63  5:57  Stargate  
  63  5:58  Probe  
  63  6:00  Nexus  
  63  6:01  Probe  
  65  6:22  Probe x2  
  67  6:29  Zealot x4  
  54  6:54  Carrier  
  54  6:58  Stalker x4  
  54  6:59  Carrier  
  70  7:16  Probe  
  70  7:17  Probe  
  72  7:24  Protoss Air Weapons Level 1 (Chrono Boost)  
  72  7:29  Probe  
  73  7:36  Probe  
  74  7:37  Nexus  
  74  7:39  Pylon  
  74  7:43  Probe  
  75  7:48  Pylon  
  75  8:03  Photon Cannon  
  75  8:04  Carrier (Chrono Boost)  
  75  8:05  Photon Cannon, Carrier (Chrono Boost)  
  87  8:17  Twilight Council  
  87  8:21  Probe x2  
  89  8:33  Probe x2  
  91  8:38  Stalker x2  
  95  8:45  Probe x2  
  93  8:57  Probe x2  
  93  9:01  Carrier (Chrono Boost)  
  99  9:03  Stalker x2  
  101  9:12  Probe  
  101  9:13  Probe  
  101  9:14  Probe  
  104  9:24  Probe  
  104  9:26  Probe x2  
  107  9:31  Carrier (Chrono Boost)  
  107  9:36  Probe, Pylon  
  107  9:37  Templar Archives  
  107  9:38  Probe x2  
  109  9:40  Pylon, Assimilator  
  109  9:44  Assimilator  
  116  9:48  Probe  
  117  9:55  Protoss Air Weapons Level 2 (Chrono Boost)  
  117  9:56  Shield Battery  
  117  9:57  Carrier (Chrono Boost)  
  117  9:59  Photon Cannon  
  117  10:01  Photon Cannon, Shield Battery  
  123  10:31  Nexus  
  122  10:46  Protoss Shields Level 1  
  122  10:48  High Templar  
  122  10:49  High Templar  
  132  10:50  Nexus  
  132  10:53  Gateway, Pylon  
  132  10:54  Carrier (Chrono Boost)  
  132  10:56  Gateway, Pylon  
  132  11:06  Pylon  
  132  11:09  Pylon  
  132  11:11  Carrier (Chrono Boost), Pylon  
  130  11:18  High Templar  
  130  11:19  High Templar  
  130  11:20  Archon  
  130  11:22  Photon Cannon  
  130  11:25  Photon Cannon  
  134  11:26  Photon Cannon  
  134  11:29  Photon Cannon  
  134  11:30  Shield Battery  
  134  11:44  Gateway  
  134  11:46  Gateway  
  134  11:49  Archon  
  134  11:51  High Templar, Carrier  
  134  11:52  High Templar x2  
  146  12:03  High Templar  
  148  12:09  Probe x2  
  150  12:17  Archon  
  150  12:19  Archon  
  150  12:21  Carrier  
  150  12:22  Assimilator  
  156  12:25  Stalker x3  
  156  12:26  Assimilator  
  162  12:36  Stalker x3  
  168  12:38  Probe  
  117  13:13  Carrier  
  119  13:49  Stalker  
  121  13:58  Probe  
  121  14:01  Probe  
  121  14:02  Probe  
Tags
 
Add a new tag
Caveats
  • Supply blocks, unpowered buildings, or Contaminate may cause inaccurate times.
  • Supply counts are checked every 10 seconds.